 Dungeon Sprint DCSS version 0.20.1-1-g8b1a95d66d (webtiles) character file.

17 Groucho the Chopper (level 2, -4/28 HPs)
             Began as a Naga Fighter on Jan 2, 2018.
             Was a Believer of Cheibriados.
             Slain by a warg (16 damage)
             ... in the Dungeon (Sprint VII: "The Pits").
             The game lasted 00:01:04 (407 turns).

Groucho the Chopper (Naga Fighter)                   Turns: 407, Time: 00:01:05

Health: -4/28      AC:  4    Str: 27    XL:     2   Next: 62%
Magic:  2/2        EV:  6    Int: 12    God:    Cheibriados [**....]
Gold:   0          SH: 10    Dex: 14    Spells: 1/1 levels left

rFire    . . .     SeeInvis +   a - +2 hand axe
rCold    . . .     Gourm    .   c - +0 shield
rNeg     . . .     Faith    .   b - +0 scale mail
rPois    +         Spirit   .   (no helmet)
rElec    .         Reflect  .   (no cloak)
rCorr    .         Harm     .   (no gloves)
MR       .....     NoTele   +   (no barding)
Stlth    ..........             (no amulet)
Regen    0.1/turn               (no ring)
MPRegen  0.1/turn               (no ring)

@: mighty, very slow
A: see invisible, deformed body, poison resistance, slowness 2, slow metabolism
1, spit poison 1, AC +0
a: Spit Poison, Bend Time, Renounce Religion


You were in the Dungeon.
You worshipped Cheibriados.
Cheibriados was pleased with you.
You were not hungry.

You visited 1 branch

Inventory:

Hand Weapons
 a - a +2 hand axe (weapon)
 l - a +2 mace
Missiles
 s - 10 stones (quivered)
Armour
 b - a +0 scale mail (worn)
 c - a +0 shield (worn)
Scrolls
 k - a scroll of blinking
 n - 3 scrolls of remove curse
 o - 5 scrolls of amnesia
 p - a scroll of summoning
Potions
 e - a potion of curing
 h - a potion of haste
 i - 4 potions of magic
 j - 3 potions of berserk rage
 m - 2 potions of invisibility
Comestibles
 f - 8 bread rations
 q - 40 fruits
 r - 7 meat rations


   Skills:
 - Level 3.0 Fighting
 * Level 4.1 Axes
 + Level 3.1 Armour
 + Level 3.2 Shields


You had one spell level left.
You didn't know any spells.

Dungeon Overview and Level Annotations

Branches:
Dungeon (1/1)

Altars:
Ashenzari
Cheibriados
Dithmenos
Elyvilon
Fedhas
Gozag
Hepliaklqana
Kikubaaqudgha
Makhleb
Nemelex Xobeh
Okawaru
Qazlal
Ru
Sif Muna
Trog
Uskayaw
Vehumet
Xom
Yredelemnul
Zin
The Shining One
Beogh
Jiyva
Lugonu


Innate Abilities, Weirdness & Mutations

You cannot wear boots.
Your serpentine skin is tough. (AC +0)
You have supernaturally acute eyesight. (SInv)
Armour fits poorly on your strangely shaped body.
Your system is resistant to poisons. (rPois)
You cover ground very slowly.
You have a slow metabolism.
You can spit poison.


Message History

You hit the warg.
The warg is heavily wounded.
The warg bites you!
* * * LOW HITPOINT WARNING * * *
The warg bites you but does no damage.
You feel much better. The warg bites you!
Ouch! That really hurt!
You feel very mighty all of a sudden. You block the warg's attack.
You slash the warg!
The warg is almost dead.
You block the warg's attack. The warg completely misses you.
You closely miss the warg.
The warg is almost dead.
You block the warg's attack.
You closely miss the warg.
The warg is almost dead.
You block the warg's attack. The warg bites you!
Ouch! That really hurt!
You die...

#_________.#
#_________.#
#__.____...###########++
##########'##...........
#.?|.').)).##......#..#
##########.##..........
#...........'...........
+#####'#####......#..#.
#..@hS##...........
#####'#####'#####+
#.....##.......#
#.....##.......#
###'####.......# ...
#...<...# .....
#.......# #......
#.......# #######
#.......#


You could see a warg and a ball python.

Vanquished Creatures
  3 oozes (D)
  A bat zombie (D)
  A giant cockroach (D)
5 creatures vanquished.

Notes
Turn   | Place    | Note
-------+----------+-------------------------------------------
     0 | D        | Groucho the Naga Fighter began the quest for the Orb.
     0 | D        | Reached XP level 1. HP: 21/21 MP: 1/1
    13 | D        | Reached skill level 3 in Axes
    47 | D        | Found a bloodstained altar of Trog.
    47 | D        | Found a deep blue altar of Sif Muna.
    47 | D        | Found a viscous altar of Jiyva.
    47 | D        | Found a hazy altar of Hepliaklqana.
    47 | D        | Found an opulent altar of Gozag.
    48 | D        | Found a glowing golden altar of the Shining One.
    48 | D        | Found a glowing silver altar of Zin.
    48 | D        | Found a basalt altar of Yredelemnul.
    48 | D        | Found a shimmering altar of Xom.
    48 | D        | Found a sacrificial altar of Ru.
    48 | D        | Found a stormy altar of Qazlal.
    48 | D        | Found an iron altar of Okawaru.
    48 | D        | Found a sparkling altar of Nemelex Xobeh.
    48 | D        | Found a burning altar of Makhleb.
    48 | D        | Found a blossoming altar of Fedhas.
    48 | D        | Found a white marble altar of Elyvilon.
    48 | D        | Found a shadowy altar of Dithmenos.
    48 | D        | Found a snail-covered altar of Cheibriados.
    50 | D        | Found a radiant altar of Vehumet.
    50 | D        | Found a corrupted altar of Lugonu.
    50 | D        | Found a roughly hewn altar of Beogh.
    51 | D        | Found a hide-covered altar of Uskayaw.
    51 | D        | Found an ancient bone altar of Kikubaaqudgha.
    51 | D        | Found a shattered altar of Ashenzari.
    59 | D        | Became a worshipper of Cheibriados the Contemplative
    78 | D        | Reached XP level 2. HP: 19/28 MP: 2/2
   375 | D        | Reached * piety under Cheibriados
   384 | D        | Reached ** piety under Cheibriados
   384 | D        | Reached skill level 4 in Axes
   394 | D        | Noticed a warg
   407 | D        | Slain by a warg

Skill      XL: |  1  2 |
---------------+-------+-----
Axes           | 3 4 |  4.1
Shields        | 3 |  3.2
Armour         | 3 |  3.1
Fighting       | |  3.0

Action                   || total
-------------------------++-------
Melee: War axe           ||     4
       Hand axe          ||    18
  Use: Potion            ||     2
Armor: Scale mail        ||    10
Dodge: Dodged            ||     9
Block: Shield            ||    12
